 Dungeon Crawl Stone Soup version 0.28-a0-631-g0446da8ef9 (webtiles) character file.

Game seed: 12390407086072621600

903 Armakuni the Skirmisher (level 7, 0/72 HPs)
             Began as a Troll Hedge Wizard on Oct 9, 2021.
             Was an Initiate of the Shining One.
             Slain by a scorpion (10 damage)
             ... on level 5 of the Dungeon.
             The game lasted 00:08:01 (2859 turns).

Armakuni the Skirmisher (Troll Hedge Wizard)        Turns: 2859, Time: 00:08:02

Health: 0/72       AC: -4    Str: 19    XL:     7   Next: 80%
Magic:  9/9        EV:  9    Int: 12    God:    the Shining One [......]
Gold:   59         SH:  0    Dex:  9    Spells: 9/10 levels left

rFire   . . .      SeeInvis .     - Unarmed
rCold   . . .      Faith    .   (no shield)
rNeg    . . .      Spirit   .   e - +0 robe
rPois   .          Reflect  .   c - +0 hat
rElec   .          Harm     .   (no cloak)
rCorr   .          Rampage  .   (gloves unavailable)
Will    .....                   (boots unavailable)
Stlth   +.........              (no amulet)
HPRegen 1.22/turn               (no ring)
MPRegen 0.11/turn               (no ring)

@: corroded, glowing
A: large, unfitting armour, claws 3, regeneration 1, shaggy fur 1, tough skin 1
a: Renounce Religion


You were on level 5 of the Dungeon.
You worshipped the Shining One.
The Shining One was noncommittal.
You visited 2 branches of the dungeon, and saw 6 of its levels.

You collected 148 gold pieces.
You spent 89 gold pieces at shops.

Inventory:

Hand Weapons
 h - a +0 giant spiked club
Missiles
 d - a boomerang of dispersal
 q - 23 poisoned darts
Armour
 c - a +0 hat (worn)
 e - a +0 robe (worn)
Magical Staves
 b - a staff of air
Jewellery
 k - a ring of willpower
 s - a +6 ring of intelligence
Wands
 j - a wand of iceblast (7)
Scrolls
 a - a scroll of amnesia {unknown}
 g - a scroll of torment
 i - a scroll of magic mapping {unknown}
 l - a scroll of vulnerability {unknown}
 n - a scroll of identify {unknown}
 o - a scroll of enchant armour {unknown}
 p - a scroll of enchant weapon {unknown}
Potions
 f - a potion of attraction
 m - a potion of curing {unknown}
 r - a potion of heal wounds {unknown}
 t - a potion of brilliance {unknown}


   Skills:
 - Level 5.0 Fighting
 - Level 1.5 Dodging
 - Level 1.0 Stealth
 - Level 4.3 Unarmed Combat
 - Level 2.0 Spellcasting
 - Level 0.6 Conjurations
 - Level 0.6 Summonings
 - Level 0.6 Translocations
 + Level 3.1 Evocations


You had 9 spell levels left.
You knew the following spells:

 Your Spells              Type           Power      Damage    Failure   Level
a - Magic Dart            Conj           8%         1d3       22%         1

Your spell library contained the following spells:

 Spells                   Type           Power      Damage    Failure   Level
 Summon Small Mammal      Summ           8%         N/A       22%         1
 Shock                    Conj/Air       4%         1d3       24%         1
 Sandblast                Erth           2%         2d4       26%         1
 Sting                    Tmut/Pois      4%         1d3       26%         1
 Blink                    Tloc           N/A        N/A       32%         2
 Call Imp                 Summ           2%         N/A       32%         2
 Slow                     Hex            1%         N/A       38%         2
 Call Canine Familiar     Summ           2%         N/A       54%         3
 Conjure Flame            Conj/Fire      1%         6-21      58%         3
 Mephitic Cloud           Conj/Pois/Air  1%         N/A       58%         3
 Summon Guardian Golem    Hex/Summ       1%         N/A       58%         3
 Swiftness                Air            1%         N/A       63%         3
 Airstrike                Air            0%         N/A       95%         4
 Conjure Ball Lightning   Conj/Air       0%         3x3d6     100%        6
 Discord                  Hex            0%         N/A       100%        8
 Disjunction              Tloc           1%         N/A       100%        8


Dungeon Overview and Level Annotations

Branches:
Dungeon (5/15)             Temple (1/1) D:4

Altars:
Ashenzari
Cheibriados
Dithmenos
Elyvilon
Fedhas
Hepliaklqana
Makhleb
Nemelex Xobeh
Okawaru
Qazlal
Ru
Sif Muna
Trog
Uskayaw
Vehumet
Xom
Yredelemnul
The Shining One

Shops:
D:4 *


Innate Abilities, Weirdness & Mutations

You are too large for most types of armour.
You have claws for hands.
Your natural rate of healing is unusually fast.
You are covered in fur. (AC +1)
You have tough skin. (AC +1)


Message History

The jelly is lightly wounded.
The jelly barely misses you.
A hound zombie comes into view.
You claw the jelly!
Your claws burn!
The jelly is severely wounded.
The jelly hits you. The acid corrodes you!
You are splashed with acid!
You see here a wyvern corpse.
The jelly hits you. The acid corrodes you!
You are splashed with acid.
Aiming: Iceblast
Press: ? - help, Shift-Dir - straight line That beam is likely to hit you.
Continue anyway?
The mass of ice explodes!
The iceblast engulfs the jelly!
You kill the jelly!
The iceblast engulfs you!!
The iceblast engulfs the scorpion!
The scorpion is heavily wounded.
The scorpion stings you.
You scratch the scorpion.
The scorpion is severely wounded.
The scorpion stings you!
You are poisoned.
The scorpion poisons you!
You scratch the scorpion but do no damage.
The scorpion is severely wounded.
You feel very sick. The scorpion stings you.
You scratch the scorpion.
The scorpion is severely wounded.
You feel sick. The scorpion stings you!
* * * LOW HITPOINT WARNING * * *
You feel sick.
You feel sick.
You feel sick. The scorpion stings you.
* * * LOW HITPOINT WARNING * * *
You feel sick.
You feel sick.
You feel sick.
You feel sick.
You are no longer poisoned.
The scorpion stings you!
You die...

#............#
#.##########.#####
#.# #...... #.#
####### #.# #.#
#.# #.# #@# # #s#
## #Z# #. #.# ##
#.######## #
###.........
#...######## #.#.#
#.#.#


You could see a scorpion and a hound zombie.

Vanquished Creatures
  A wyvern (D:5)
  2 orc warriors (D:4)
  An ogre (D:4)
  2 phantoms (D:4)
  A centaur skeleton (D:4)
  A jelly (D:5)
  2 orc priests
  An iguana (D:4)
  2 orc wizards (D:4)
  5 adders
  A white imp (D:4)
  3 dart slugs
  20 orcs
  6 ball pythons
  2 endoplasms
  7 giant cockroaches
  6 hobgoblins
  4 quokkas
  A bat (D:2)
  2 frilled lizards
  4 goblins
  6 kobolds
  4 rats
84 creatures vanquished.

Notes
Turn   | Place    | Note
-------+----------+-------------------------------------------
     0 | D:1      | Armakuni the Troll Hedge Wizard began the quest for the
                  | Orb.
     0 | D:1      | Reached XP level 1. HP: 16/16 MP: 2/2
   166 | D:1      | Reached skill level 1 in Fighting
   223 | D:1      | Reached XP level 2. HP: 27/27 MP: 4/4
   408 | D:1      | Reached skill level 1 in Unarmed Combat
   709 | D:2      | Reached XP level 3. HP: 31/35 MP: 5/5
   925 | D:2      | Reached skill level 2 in Fighting
  1078 | D:3      | Found a faded altar of an unknown god.
  1210 | D:2      | Reached XP level 4. HP: 33/44 MP: 6/6
  1318 | D:3      | Reached skill level 3 in Fighting
  1635 | D:4      | Found a staircase to the Ecumenical Temple.
  1652 | Temple   | Entered the Ecumenical Temple
  1751 | Temple   | Became a worshipper of the Shining One
  1808 | D:4      | Reached XP level 5. HP: 52/53 MP: 7/7
  1837 | D:4      | Found Wenonood's Assorted Antiques.
  1847 | D:4      | Bought a metallic red potion for 20 gold pieces
  1847 | D:4      | Bought a scroll labelled UFUEQU SYALL for 23 gold pieces
  1847 | D:4      | Bought a scroll labelled KUOT GYNUSO for 23 gold pieces
  1847 | D:4      | Bought a scroll labelled MOK QUYD ELAIP for 23 gold pieces
  1963 | D:4      | Noticed an orc warrior
  2145 | D:4      | Killed an orc warrior
  2146 | D:4      | Reached skill level 4 in Fighting
  2146 | D:4      | Reached XP level 6. HP: 54/62 MP: 8/8
  2277 | D:4      | Reached XP level 7. HP: 71/71 MP: 9/9
  2303 | D:4      | Reached skill level 5 in Fighting
  2502 | D:4      | Found a shimmering blue altar of Sif Muna.
  2508 | D:4      | Reached skill level 1 in Evocations
  2512 | D:4      | Got Sif Muna's Reference Book on Moulding and Earth
  2529 | D:4      | Found a bloodstained altar of Trog.
  2664 | D:5      | Entered Level 5 of the Dungeon
  2829 | D:5      | Noticed a wyvern
  2835 | D:5      | Killed a wyvern
  2859 | D:5      | Slain by a scorpion

Illustrated notes

Levels and vault maps discovered:
D:1:      minmay_arrival_four_circles, layout_basic, amethyst_killhole
D:2:      layout_rooms
D:3:      layout_rooms, shapermc_ecumenical_altar_flowoftime,
          minmay_misc_feat_hallway
D:4:      layout_basic, nzn_overflow_gifts_of_might_and_magic,
          minmay_temple_entry_statues_pillars, serial_shops, nicolae_shop_stone,
          corexii_checkpoint_a, kennysheep_generic_room_5
D:5:      layout_loops_ring
Temple:   regret_index_temple_sphere_string

Skill      XL: |  1  2  3  4  5  6  7 |
---------------+----------------------+-----
Fighting       | 1 2 3 4 5 |  5.0
Unarmed Combat | 1 2 3 4 |  4.3
Evocations     | 3 |  3.1
Dodging        | |  1.5
Stealth        | |  1.0
Spellcasting   | |  2.0
Conjurations   | |  0.6
Summonings     | |  0.6
Translocations | |  0.6

Action                   |  1- 3 |  4- 6 |  7- 9 || total
-------------------------+-------+-------+-------++-------
Melee: Unarmed           |   106 |   128 |    19 ||   253
       Punch             |       |     2 |       ||     2
Evoke: Wand              |       |       |     4 ||     4
  Use: Potion            |       |     3 |       ||     3
       Scroll            |       |     1 |       ||     1
 Stab: Sleeping          |     1 |       |       ||     1
       Distracted        |       |     1 |       ||     1
Armor: Robe              |    31 |    29 |       ||    60
       Skin              |       |     1 |       ||     1
Dodge: Dodged            |    52 |    63 |     7 ||   122

Table legend: (Time is in decaauts)
 A = Elapsed time spent in this place.
 B = Non-inter-level travel time spent in this place.
 C = Inter-level travel time spent in this place.
 D = Time resting spent in this place.
 E = Time spent auto-exploring this place.
 F = Levels seen in this place.
 G = Mean time per level.
                   A        B        C        D        E       F      G
               +--------+--------+--------+--------+--------+-----+--------+
         Total |   2859 |   2628 |    231 |     67 |   1827 |   6 |  476.5 |
       Dungeon |   2716 |   2492 |    224 |     67 |   1711 |   5 |  543.2 |
        Temple |    143 |    136 |      7 |      0 |    116 |   1 |  143.0 |
               +--------+--------+--------+--------+--------+-----+--------+

Top non-repeatable levels by time:
     D:4: 797 daAuts
     D:3: 667 daAuts
     D:1: 607 daAuts
     D:2: 449 daAuts
     D:5: 194 daAuts
  Temple: 143 daAuts
